 Dungeon Crawl Stone Soup version 0.29.0 (webtiles) character file.

Game seed: 11227636374444160995

28290 catcat the Brawler (level 13, -3/131 HPs)
             Began as a Troll Fighter on Sept 2, 2022.
             Was a High Priest of Makhleb.
             Slain by a six-headed hydra (9 damage)
             ... on level 9 of the Dungeon.
             The game lasted 00:26:37 (10852 turns).

catcat the Brawler (Troll Fighter)                 Turns: 10852, Time: 00:26:38

Health: -3/131     AC: 10    Str: 40    XL:     13   Next: 9%
Magic:  14/14      EV:  9    Int:  4    God:    Makhleb [*****.]
Gold:   967        SH:  9    Dex:  9    Spells: 12/12 levels left

rFire   . . .      SeeInvis .   Q - +9 mace "Jieloate" {freeze, Str+3}
rCold   . . .      Faith    .   b - +0 kite shield
rNeg    . . .      Spirit   .   a - +0 robe
rPois   .          Reflect  .   W - +2 hat
rElec   .          Harm     .   p - scarf {repulsion}
rCorr   .          Rampage  .   (gloves unavailable)
Will    .....                   (boots unavailable)
Stlth   +.........              F - amulet of the acrobat
HPRegen 1.11/turn               f - +6 ring of strength
MPRegen 0.14/turn               i - +4 ring of protection

@: repel missiles
A: large, unfitting armour, claws 3, regeneration 1, shaggy fur 1, tough skin 1
a: Renounce Religion, Minor Destruction, Lesser Servant of Makhleb, Major
Destruction, Greater Servant of Makhleb


You were on level 9 of the Dungeon.
You worshipped Makhleb.
Makhleb was extremely pleased with you.
You visited 2 branches of the dungeon, and saw 14 of its levels.

You collected 967 gold pieces.

Inventory:

Hand Weapons
 k - a +0 flail of freezing
 q - a +0 flail
 M - a +1 scimitar of flaming
 Q - the +9 mace "Jieloate" (weapon) {freeze, Str+3}
   (You found it on level 10 of the Dungeon)

   It freezes those it strikes, dealing additional cold damage.
   It can also slow down cold-blooded creatures.
   Str:       It affects your strength (+3).
 V - the +9 whip of Extermination {vorpal, Int+2}
   (You found it on level 2 of the Lair of Beasts)

   It inflicts extra damage upon your enemies.
   Int:       It affects your intelligence (+2).
Missiles
 r - 4 boomerangs (quivered)
Armour
 a - a +0 robe (worn)
 b - a +0 kite shield (worn)
 p - a scarf of repulsion (worn)
 I - a +1 hat
 W - a +2 hat (worn)
Jewellery
 f - a +6 ring of strength (left claw)
 i - a +4 ring of protection (right claw)
 n - an amulet of faith
 y - a ring of flight
 B - a ring of magical power
 F - an amulet of the acrobat (around neck)
 T - the amulet "Poros" {RegenMP Int+4}
   (You found it on level 1 of the Lair of Beasts)

   [amulet of magic regeneration]

   It increases your rate of magic regeneration.
   Int:       It affects your intelligence (+4).
 Z - the ring of Vehumet's Reproof {Drain rN+ MP+9 Str+6 Dex+2}
   (You found it on level 2 of the Lair of Beasts)

   [ring of magical power]

   Str:       It affects your strength (+6).
   Dex:       It affects your dexterity (+2).
   rN:        It protects you from negative energy.
   MP:        It affects your magic capacity (+9).
   Drain:     It drains your maximum health when unequipped.
Wands
 o - a wand of flame (21)
 x - a wand of polymorph (19)
 E - a wand of roots (9)
 N - a wand of mindburst (11)
 R - a wand of digging (5)
 S - a wand of paralysis (5)
Scrolls
 e - 2 scrolls of summoning
 g - 2 scrolls of amnesia
 j - a scroll of blinking
 m - 5 scrolls of fog
 s - a scroll of enchant armour {unknown}
 t - a scroll of brand weapon
 u - a scroll of vulnerability {unknown}
 C - 2 scrolls of enchant weapon {unknown}
 H - 2 scrolls of magic mapping {unknown}
 J - 2 scrolls of torment {unknown}
 K - 3 scrolls of teleportation {unknown}
 L - 2 scrolls of fear
 U - a scroll of immolation {unknown}
 Y - a scroll of acquirement {unknown}
Potions
 c - 2 potions of might
 d - 9 potions of curing
 h - 2 potions of haste
 l - 7 potions of lignification
 v - a potion of ambrosia
 w - 2 potions of brilliance
 z - 2 potions of resistance
 A - 2 potions of magic
 D - 2 potions of cancellation
 G - 2 potions of mutation
 O - a potion of attraction
 P - 2 potions of flight
 X - a potion of berserk rage {unknown}


   Skills:
 - Level 9.0 Fighting
 - Level 2.0 Throwing
 - Level 4.0 Dodging
 + Level 7.8 Shields
 + Level 17.3 Unarmed Combat
 - Level 3.0 Invocations


You had 12 spell levels left.
You didn't know any spells.
Your spell library contained the following spells:

 Spells                   Type           Power      Damage    Failure   Level
 Apportation              Tloc           0%         N/A       75%         1
 Freeze                   Ice            0%         1d3       75%         1
 Necrotise                Necr           0%         1d4       75%         1
 Summon Small Mammal      Summ           0%         N/A       75%         1
 Frozen Ramparts          Ice            0%         1d1       98%         3
 Inner Flame              Hex/Fire       0%         N/A       98%         3
 Stone Arrow              Conj/Erth      0%         3d7       98%         3
 Animate Armour           Summ/Erth      0%         N/A       100%        4
 Cause Fear               Hex            0%         N/A       100%        4
 Hailstorm                Conj/Ice       0%         3d3       100%        4
 Summon Forest            Summ/Tloc      0%         N/A       100%        5
 Summon Mana Viper        Hex/Summ       0%         N/A       100%        5
 Summon Cactus Giant      Summ           0%         N/A       100%        6
 Discord                  Hex            0%         N/A       100%        8
 Lehudib's Crystal Spear  Conj/Erth      0%         10d2      100%        8


Dungeon Overview and Level Annotations

Branches:
Dungeon (11/15)            Temple (0/1) D:5            Lair (3/5) D:8
  Snake (0/4) Lair:2          Orc (0/2) D:9
  Swamp: Lair:2-3    Shoals: Lair:2-3

Altars:
Ashenzari
Cheibriados
Dithmenos
Elyvilon
Hepliaklqana
Makhleb
Okawaru
Qazlal
Yredelemnul

Annotations:
D:9 Joseph
D:10 exclusion: oklob sapling
D:11 Josephine
Lair:2 3 runed translucent doors, MrDizzy's ghost, novice TrMo
Lair:3 Amaemon; Gastronok


Innate Abilities, Weirdness & Mutations

You are too large for most types of armour.
You have claws for hands.
Your natural rate of healing is unusually fast.
You are covered in fur. (AC +1)
You have tough skin. (AC +1)


Message History

The six-headed hydra barely misses you.
The six-headed hydra bites you but does no damage. x2
The six-headed hydra bites you. The six-headed hydra bites you! x2
Unknown command.
You sock the six-headed hydra! You freeze the six-headed hydra.
The six-headed hydra is heavily wounded.
You block the six-headed hydra's attack.
The six-headed hydra bites you! The six-headed hydra barely misses you.
The six-headed hydra bites you!
The six-headed hydra bites you but does no damage.
You block the six-headed hydra's attack.
You block the orc's attack.
The orc warrior hits you from afar with a +0 glaive!
The orc attacks as you move away! You block the orc's attack.
The six-headed hydra is no longer moving slowly.
You thump the six-headed hydra! You freeze the six-headed hydra.
The six-headed hydra is severely wounded.
The six-headed hydra bites you.
The six-headed hydra bites you but does no damage.
You block the six-headed hydra's attack. x2
The six-headed hydra bites you.
You block the six-headed hydra's attack.
The orc warrior hits you from afar with a +0 glaive.
* * * LOW HITPOINT WARNING * * *
The six-headed hydra bites you.
* * * LOW HITPOINT WARNING * * *
You block the six-headed hydra's attack.
The six-headed hydra bites you.
* * * LOW HITPOINT WARNING * * *
The six-headed hydra bites you but does no damage. x2
The six-headed hydra bites you!
* * * LOW HITPOINT WARNING * * *
Unknown command.
A demon appears!
The orc warrior barely misses you. The six-headed hydra bites you!
* * * LOW HITPOINT WARNING * * *
The six-headed hydra barely misses you. x2
You block the six-headed hydra's attack.
The six-headed hydra bites you!
You die...

...........#..>.......... #.o.o#
...........#...............o....#
##...##....#...............#....#
##...##....'.............. #.).##
...........#............. #+###
...........#.....).......
...........#.....oo......
..........#######D#########
.....##...##....@.###.....#
.....##...##..............##
...{.#........3.............
.....#...................... ...
.....'...................... ...
.....#...................... ..
#######...................##. #
.....##...##.....####.....##'####
..........##.....####.....##.....


You could see a six-headed hydra (ally target), an orc warrior, an orc and a
friendly ynoxinul (summoned).

Vanquished Creatures
  A hydra (Lair:2)
  3 boulder beetles
  A catoblepas (D:10)
  Erica (D:9)
  2 two-headed ogres (D:11)
  5 death yaks
  2 lindwurms (Lair:2)
  An orc knight (D:10)
  A wolf spider (Lair:2)
  2 black mambas (Lair:1)
  A torpor snail (Lair:1)
  4 cane toads
  3 komodo dragons
  2 trolls
  A hornet (D:10)
  A tarantella (Lair:2)
  5 blink frogs (Lair:2)
  A shadow (D:9)
  Sigmund (D:3)
  A jumping spider (Lair:2)
  48 yaks
  2 wraiths
  A wyvern (D:10)
  2 redbacks (Lair:2)
  Grum (D:9)
  4 vampire mosquitoes (D:10)
  Menkaure (D:6)
  4 nagas (Lair:2)
  An acid dragon (D:10)
  9 water moccasins
  Duvessa (D:7)
  An ice beast (D:8)
  A sky beast (D:7)
  2 black bears (D:6)
  10 wolves
  2 centaurs
  5 bullfrogs
  2 kobold brigands
  A gnoll sergeant (D:9)
  2 necrophages
  3 scorpions (D:5)
  Dowan (D:7)
  13 wights
  4 killer bees (D:8)
  A howler monkey (D:8)
  3 lava snakes (Lair:2)
  A hound (D:5)
  2 jellies
  Crazy Yiuf (D:3)
  Ijyb (D:5)
  5 iguanas
  7 orc wizards
  9 gnolls
  13 adders
  A white imp (D:7)
  A worm (D:2)
  25 orcs
  9 endoplasms
  3 giant cockroaches (D:1)
  6 goblins
  10 hobgoblins
  12 jackals
  2 quokkas
  11 ball pythons
  4 bats
  7 frilled lizards
  15 kobolds
  6 rats
315 creatures vanquished.

Vanquished Creatures (others)
  A bush (Lair:2)
  13 fungi
  25 plants
39 creatures vanquished.

Grand Total: 354 creatures vanquished

Notes
Turn   | Place    | Note
-------+----------+-------------------------------------------
     0 | D:1      | catcat the Troll Fighter began the quest for the Orb.
     0 | D:1      | Reached XP level 1. HP: 22/22 MP: 0/0
   273 | D:1      | Reached XP level 2. HP: 29/29 MP: 1/1
   536 | D:1      | Reached skill level 3 in Unarmed Combat
  1028 | D:2      | Reached XP level 3. HP: 36/36 MP: 2/2
  1278 | D:2      | Found a faded altar of an unknown god.
  2012 | D:3      | Reached skill level 4 in Unarmed Combat
  2033 | D:3      | Reached XP level 4. HP: 44/44 MP: 3/3
  2091 | D:3      | Noticed Sigmund
  2107 | D:3      | Killed Sigmund
  2108 | D:3      | Reached skill level 5 in Unarmed Combat
  2108 | D:3      | Reached XP level 5. HP: 36/53 MP: 4/4
  2227 | D:3      | Found a white marble altar of Elyvilon.
  2235 | D:3      | Found a stormy altar of Qazlal.
  2242 | D:3      | Found a shadowy altar of Dithmenos.
  2250 | D:3      | Found a basalt altar of Yredelemnul.
  2255 | D:3      | Found a snail-covered altar of Cheibriados.
  2262 | D:3      | Found a burning altar of Makhleb.
  2267 | D:3      | Found a hazy altar of Hepliaklqana.
  2274 | D:3      | Became a worshipper of Makhleb the Destroyer
  2489 | D:3      | Found a runed translucent door.
  2490 | D:3      | Noticed Crazy Yiuf
  2495 | D:3      | Killed Crazy Yiuf
  2496 | D:3      | Reached XP level 6. HP: 50/61 MP: 5/5
  2825 | D:4      | Reached skill level 6 in Unarmed Combat
  3277 | D:5      | Entered Level 5 of the Dungeon
  3291 | D:5      | Found a staircase to the Ecumenical Temple.
  3461 | D:5      | Reached XP level 7. HP: 67/67 MP: 6/6
  3496 | D:5      | Reached skill level 7 in Unarmed Combat
  3561 | D:5      | Reached * piety under Makhleb
  3753 | D:5      | Reached skill level 8 in Unarmed Combat
  3882 | D:5      | Noticed Ijyb
  3892 | D:5      | Killed Ijyb
  4260 | D:6      | Noticed Menkaure
  4267 | D:6      | Killed Menkaure
  4268 | D:6      | Reached XP level 8. HP: 38/75 MP: 7/7
  4677 | D:6      | Reached skill level 9 in Unarmed Combat
  4992 | D:7      | Noticed Dowan
  4997 | D:7      | Noticed Duvessa
  5003 | D:7      | Killed Dowan
  5009 | D:7      | Killed Duvessa
  5388 | D:7      | Reached ** piety under Makhleb
  5619 | D:8      | Reached skill level 10 in Unarmed Combat
  5646 | D:8      | Reached XP level 9. HP: 66/85 MP: 8/8
  5822 | D:8      | Found a staircase to the Lair.
  5916 | D:8      | Reached skill level 5 in Fighting
  5991 | D:8      | Reached skill level 11 in Unarmed Combat
  6210 | D:9      | Noticed Grum
  6225 | D:9      | Killed Grum
  6265 | D:9      | Noticed a boulder beetle
  6279 | D:9      | Killed a boulder beetle
  6280 | D:9      | Reached skill level 12 in Unarmed Combat
  6280 | D:9      | Reached *** piety under Makhleb
  6353 | D:9      | Noticed Erica
  6364 | D:9      | Reached XP level 10. HP: 61/98 MP: 9/9
  6479 | D:9      | Noticed Joseph
  6479 | D:9      | Noticed a six-headed hydra
  6532 | D:9      | Killed Erica
  6662 | D:10     | Entered Level 10 of the Dungeon
  6703 | D:10     | Reached skill level 5 in Shields
  6715 | D:10     | Reached skill level 13 in Unarmed Combat
  6965 | D:10     | Reached **** piety under Makhleb
  6969 | D:10     | Reached skill level 14 in Unarmed Combat
  7053 | D:10     | Found an iron altar of Okawaru.
  7062 | D:10     | Found a broken altar of Ashenzari.
  7152 | D:10     | Reached XP level 11. HP: 90/105 MP: 10/10
  7202 | D:10     | Identified the +9 mace "Jieloate" {freeze, Str+3}
  7382 | D:10     | Noticed an orc knight
  7382 | D:10     | Found the +8 frozen axe "Frostbite" {freezing cloud, *Noise
                  | Fly rC+}
  7382 | D:10     | Noticed a catoblepas
  7382 | D:10     | Noticed a death knight
  7407 | D:10     | Killed a catoblepas
  7408 | D:10     | Reached skill level 1 in Throwing
  7411 | D:10     | Killed an orc knight
  7545 | D:11     | Noticed a two-headed ogre
  7553 | D:11     | Killed a two-headed ogre
  7665 | D:11     | Noticed a two-headed ogre
  7668 | D:11     | Noticed Josephine
  7670 | D:11     | Killed a two-headed ogre
  7671 | D:11     | Reached skill level 15 in Unarmed Combat
  7863 | Lair:1   | Entered Level 1 of the Lair of Beasts
  8080 | Lair:1   | Reached ***** piety under Makhleb
  8203 | Lair:1   | Noticed a boulder beetle
  8213 | Lair:1   | Killed a boulder beetle
  8214 | Lair:1   | Reached skill level 16 in Unarmed Combat
  8214 | Lair:1   | Reached XP level 12. HP: 65/120 MP: 11/11
  8668 | Lair:1   | Identified the amulet "Poros" {RegenMP Int+4}
  8775 | Lair:1   | Reached skill level 1 in Invocations
  9315 | Lair:2   | Noticed a minotaur
  9315 | Lair:2   | Noticed MrDizzy's ghost (novice TrMo)
  9337 | Lair:2   | Found a runed translucent door.
  9344 | Lair:2   | Found a runed translucent gate.
  9344 | Lair:2   | Found a runed translucent gate.
  9344 | Lair:2   | Found a runed translucent gate.
  9390 | Lair:2   | Identified the +9 whip of Extermination {vorpal, Int+2}
  9405 | Lair:2   | Found a runed translucent gate.
  9405 | Lair:2   | Found a runed translucent gate.
  9405 | Lair:2   | Found a runed translucent gate.
  9405 | Lair:2   | Found a runed translucent gate.
  9405 | Lair:2   | Noticed a boulder beetle
  9406 | Lair:2   | Found a runed translucent gate.
  9407 | Lair:2   | Found a runed translucent gate.
  9421 | Lair:2   | Killed a boulder beetle
  9453 | Lair:2   | Noticed a death yak
  9454 | Lair:2   | Noticed a death yak
  9524 | Lair:1   | Killed a death yak
  9565 | Lair:2   | Killed a death yak
  9678 | Lair:2   | Found a staircase to the Snake Pit.
 10032 | Lair:2   | Noticed a death yak
 10033 | Lair:2   | Noticed a death yak
 10034 | Lair:2   | Noticed a death yak
 10057 | Lair:2   | Killed a death yak
 10058 | Lair:2   | Reached skill level 17 in Unarmed Combat
 10062 | Lair:2   | Killed a death yak
 10067 | Lair:2   | Killed a death yak
 10377 | Lair:2   | Reached XP level 13. HP: 33/131 MP: 14/14
 10487 | Lair:2   | Identified the ring of Vehumet's Reproof {Drain rN+ MP+9
                  | Str+6 Dex+2}
 10597 | Lair:3   | Noticed Amaemon
 10603 | Lair:3   | Noticed Gastronok
 10840 | D:9      | Found a staircase to the Orcish Mines.
 10852 | D:9      | HP: 6/131 [six-headed hydra (13)]
 10852 | D:9      | Slain by a six-headed hydra

Illustrated notes

Levels and vault maps discovered:
D:1:      spicycebolla_arrival_risky_transporter, layout_loops_corners,
          serial_forest, infiniplex_forest_clump_tiny,
          infiniplex_forest_straight_4, infiniplex_forest_lined_4_way,
          infiniplex_forest_clump_C, infiniplex_forest_straight_3,
          infiniplex_forest_lined_ring, infiniplex_forest_clump_C,
          infiniplex_forest_clump_diagonal
D:2:      layout_basic, dilly_ecumenical_altar_fadedgnrine
D:3:      layout_rooms, grunt_temple_overflow_octagram, serial_park_tiny_2,
          kennysheep_generic_room_9, uniq_sigmund, uniq_crazy_yiuf_cottage
D:4:      layout_loops_ring, chequers_serial_rivers_small_a, minmay_bisected
D:5:      layout_basic, minmay_temple_entry_hall, grunt_ministairs_13, uniq_ijyb
D:6:      layout_basic, uniq_menkaure
D:7:      layout_gridville, uniq_duvessa
D:8:      layout_cave_pools, dpeg_oklobed_lair
D:9:      layout_gridville, orc_0_dummy, uniq_joseph, uniq_erica, uniq_grum
D:10:     minmay_the_grid_octo_2x2 [minmay_the_grid_octo_fat_diamond,
          minmay_the_grid_octo_teeth, minmay_the_grid_octo_tetromino_candy,
          minmay_the_grid_octo_prize_big_c], layout_long_grid,
          palyth_temple_overflow_mages, mainiacjoe_overflow_swirl, st_stairs_13,
          minivault_26, introduction_to_nature_2
D:11:     layout_small_grid, serial_shops, nicolae_shop_statue_plus,
          kennysheep_island_fort, uniq_josephine
Lair:1:   layout_cave_shapes, lemuel_fruit_tree
Lair:2:   gammafunk_indiana_jones, layout_long_grid,
          minmay_snake_entry_guardpost_small, maelrawn_ghost_gauntlet_escape,
          guppyfry_lair_drakes
Lair:3:   layout_small_grid, elwin_shoals_entry_stream,
          ebering_ghost_inner_flame, uniq_amaemon, uniq_gastronok

Skill      XL: |  1  2  3  4  5  6  7  8  9 10 11 12 |
---------------+-------------------------------------+-----
Shields        | 3 4 5 7 |  7.8
Unarmed Combat | 3 4 5 6 8 10 12 14 16 17 | 17.3
Fighting       | 3 4 6 8 9 |  9.0
Dodging        | 3 4 |  4.0
Throwing       | 2 |  2.0
Invocations    | 3 |  3.0

Action                   |  1- 3 |  4- 6 |  7- 9 | 10-12 | 13-15 || total
-------------------------+-------+-------+-------+-------+-------++-------
Melee: Unarmed           |   125 |    93 |   263 |   462 |    21 ||   964
       Mace              |       |       |       |       |     9 ||     9
Throw: Boomerang         |       |       |       |     3 |       ||     3
Invok: Lesser Servant of |       |       |       |       |     1 ||     1
  Use: Scroll            |     4 |     2 |    10 |     7 |       ||    23
       Potion            |       |       |       |     2 |     1 ||     3
 Stab: Sleeping          |       |     3 |       |       |       ||     3
       Petrified         |       |       |       |     3 |       ||     3
Armor: Robe              |    55 |    27 |   115 |   115 |    26 ||   338
Dodge: Dodged            |    50 |    19 |   119 |   199 |    46 ||   433
       Repelled          |       |       |     1 |     1 |     6 ||     8
Block: Kite shield       |    32 |    24 |    97 |   162 |    39 ||   354
